 Dungeon Crawl Stone Soup version 0.30.0-19-g36f170ea60 (webtiles) character file.

Game seed: 12745759481361710424

16 CaptainMV the Trooper (level 2, -10/28 HPs)
             Began as a Draconian Wanderer on June 1, 2023.
             Mangled by a gnoll
             ... wielding a +0 halberd
              (11 damage)
             ... on level 2 of the Dungeon.
             The game lasted 00:06:37 (587 turns).

CaptainMV the Trooper (Draconian Wanderer)           Turns: 587, Time: 00:06:37

Health: -10/28     AC:  4    Str: 14    XL:     2   Next: 37%
Magic:  2/2        EV: 11    Int:  9    God:
Gold:   52         SH:  0    Dex: 13    Spells: 1/1 levels left

rFire   . . .        a - +3 short sword
rCold   . . .        (no shield)
rNeg    . . .        (body armour unavailable)
rPois   .            (helmet restricted)
rElec   .            (no cloak)
rCorr   .            (no gloves)
SInv    .            (no boots)
Will    .....        (no amulet)
Stlth   +            (no ring)
HPRegen 0.24/turn    (no ring)
MPRegen 0.08/turn

%: no passive effects
@: no status effects
A: AC +4, unfitting armour, cold-blooded
a: no special abilities


You were on level 2 of the Dungeon.
You visited 1 branch of the dungeon, and saw 2 of its levels.

You collected 52 gold pieces.

Inventory:

Hand Weapons
 a - a +3 short sword (weapon)
 b - a +3 sling
Missiles
 h - a throwing net (quivered)
Wands
 f - a wand of mindburst (3)
Scrolls
 e - a scroll of immolation {unknown}
 g - a scroll of teleportation
 B - a scroll of fog
Potions
 c - a potion of berserk rage
 d - 2 potions of degeneration


   Skills:
 + Level 4.9 Fighting
 + Level 3.1 Short Blades
 + Level 0.3 Dodging
 + Level 2.0 Unarmed Combat
 + Level 1.0 Evocations


You had one spell level left.
You didn't know any spells.
Your spell library was empty.

Dungeon Overview and Level Annotations

Branches:
Dungeon (2/15)

Altars:


Innate Abilities, Weirdness & Mutations

Your plain brown scales are hard. (AC +4)
You cannot fit into any form of body armour.
You are cold-blooded and may be slowed by cold attacks.


Message History

You hit the frilled lizard.
You kill the frilled lizard!
You see here a giant cockroach corpse.
A gnoll comes into view. It is wielding a +0 halberd.
The gnoll shouts!
You hear a shout!
You are now empty-handed.
a - a +3 short sword (weapon)
Adjust to which letter? (? for menu, Esc to quit)
b - a +3 sling;
B - a scroll of fog
b - a +3 sling (weapon)
Fire: b) +3 sling
Press: ? - help, Q - select action, (/) - cycle Shift-Dir - straight line, f - gnoll
Aim: a gnoll, wielding a +0 halberd (64% to hit)
You shoot a sling bullet.
The sling bullet barely misses the gnoll.
Fire: b) +3 sling
Press: ? - help, Q - select action, (/) - cycle Shift-Dir - straight line, f/p - gnoll
Aim: a gnoll, wielding a +0 halberd (64% to hit)
You shoot a sling bullet. The sling bullet hits the gnoll.
The gnoll is lightly wounded.
The gnoll closely misses you.
Fire: b) +3 sling
Press: ? - help, Q - select action, (/) - cycle Shift-Dir - straight line, f/p - gnoll
Aim: a gnoll, wielding a +0 halberd (lightly wounded, 64% to hit)
You shoot a sling bullet. The sling bullet hits the gnoll.
The gnoll is moderately wounded.
The gnoll hits you from afar with a +0 halberd.
The gnoll hits you from afar with a +0 halberd!
a - a +3 short sword (weapon)
Found a robe.
The gnoll hits you with a +0 halberd!
* * * LOW HITPOINT WARNING * * *
A gnoll comes into view. It is wielding a +0 whip.
You hit the gnoll. Your punch misses the gnoll.
The gnoll is heavily wounded.
The gnoll closely misses you.
A gnoll comes into view. It is wielding a +0 spear.
You hit the gnoll. You tail-slap the gnoll.
The gnoll is severely wounded.
The gnoll hits you with a +0 halberd!
You die...

##.......## ##.##.#
##.....## ####.#
##>..## #.# ##+##
#.# ### #### #.# ...
..# #.# ##.##.# #.#
##...#.#########.#
#...g@..†........#
[g.....#>###########
.g###.##.# ## #.#
..# ###


You could see 3 gnolls.

Vanquished Creatures
  A ball python (D:1)
  2 endoplasms
  A giant cockroach (D:2)
  2 hobgoblins (D:2)
  4 jackals (D:1)
  2 frilled lizards
  A rat (D:1)
13 creatures vanquished.

Notes
Turn   | Place    | Note
-------+----------+-------------------------------------------
     0 | D:1      | CaptainMV the Draconian Wanderer began the quest for the
                  | Orb.
     0 | D:1      | CaptainMV set off with the following items: a +3 short
                  | sword, a scroll of fog, a potion of berserk rage.
     0 | D:1      | Reached XP level 1. HP: 22/22 MP: 1/1
     0 | D:1      | Noticed a white draconian
     1 | D:1      | Noticed an ice dragon
     1 | D:1      | Noticed a shadow dragon
     3 | D:1      | Noticed a shadow dragon
     7 | D:1      | Noticed a tentacled monstrosity
     8 | D:1      | Noticed a tentacled monstrosity
    10 | D:1      | Noticed a shadow dragon
    10 | D:1      | Noticed a tentacled monstrosity
    12 | D:1      | Noticed a tentacled monstrosity
    12 | D:1      | Noticed a tentacled monstrosity
    13 | D:1      | Noticed an iron dragon
    15 | D:1      | Noticed a red draconian
    15 | D:1      | Noticed a tentacled monstrosity
    17 | D:1      | Noticed an ice dragon
    19 | D:1      | Noticed a tentacled monstrosity
    19 | D:1      | Noticed an ice dragon
    23 | D:1      | Noticed an ice dragon
   199 | D:1      | Found a faded altar of an unknown god.
   239 | D:1      | Reached XP level 2. HP: 19/28 MP: 2/2
   585 | D:2      | HP: 1/28 [gnoll/+0 halberd (12)]
   587 | D:2      | Mangled by a gnoll

Illustrated notes

Levels and vault maps discovered:
D:1:      shiori_arrival_whats_in_store_for_you, layout_basic,
          shapermc_ecumenical_altar_mp_ritualfount
D:2:      layout_loops_corners, basic_altar, uniq_natasha

Action                     || total
---------------------------++-------
  Melee: Short sword       ||    44
         Tailslap          ||     3
         Punch             ||     1
   Fire: Sling             ||     3
    Use: Scroll            ||     5
 Armour: Skin              ||    15
  Dodge: Dodged            ||    28
